 Dungeon Crawl Stone Soup version 0.21-a0-440-g28109cb (webtiles) character file.

314 esteth the Ruffian (level 6, -2/88 HPs)
             Began as a Troll Monk on Nov 11, 2017.
             Was a Believer of Qazlal.
             Slain by a gnoll
             ... wielding a +0 spear of freezing
              (5 damage)
             ... on level 4 of the Dungeon.
             The game lasted 00:05:53 (3024 turns).

esteth the Ruffian (Troll Monk)                     Turns: 3024, Time: 00:05:54

Health: -2/88      AC:  5    Str: 26    XL:     6   Next: 19%
Magic:  1/5        EV: 10    Int:  6    God:    Qazlal [**....]
Gold:   132        SH:  3    Dex: 13    Spells: 5/5 levels left

rFire    . . .     SeeInvis .     - Unarmed
rCold    . . .     Gourm    +   (no shield)
rNeg     . . .     Faith    .   a - +0 robe
rPois    .         Spirit   .   (helmet restricted)
rElec    .         Reflect  .   (no cloak)
rCorr    .         Harm     .   (gloves unavailable)
MR       +....                  (boots unavailable)
Stlth    ..........             (no amulet)
HPRegen  0.64/turn              l - ring of stealth
MPRegen  0.09/turn              o - ring of protection from magic

@: berserking, glowing, very quick
A: unfitting armour, claws 3, fast metabolism 3, gourmand, regeneration 1,
shaggy fur 1, tough skin 2
a: Upheaval, Renounce Religion


You were on level 4 of the Dungeon.
You worshipped Qazlal.
Qazlal was pleased with you.
You were completely stuffed.

You visited 1 branch of the dungeon, and saw 4 of its levels.

You collected 132 gold pieces.

Inventory:

Armour
 a - a +0 robe (worn)
 e - a +0 cloak
Jewellery
 l - a ring of stealth (left claw)
 o - a ring of protection from magic (right claw)
Wands
 n - a wand of disintegration (11/24)
Scrolls
 c - a scroll of enchant armour {unknown}
 d - 2 scrolls of fog {unknown}
 i - a scroll of fear {unknown}
 j - a scroll of teleportation {unknown}
 k - a scroll of random uselessness {unknown}
 m - 4 scrolls of identify {unknown}
 q - a scroll of recharging {unknown}
Comestibles
 b - 4 bread rations
 f - 3 royal jellies
 g - 11 chunks of flesh
 h - 9 fruits


   Skills:
 - Level 2.4 Fighting
 - Level 2.4 Dodging
 - Level 1.0 Stealth
 + Level 6.9 Unarmed Combat
 + Level 1.0 Invocations


You had 5 spell levels left.
You didn't know any spells.

Dungeon Overview and Level Annotations

Branches:
Dungeon (4/15)
 Temple: D:4-7

Altars:
Ashenzari
Kikubaaqudgha
Okawaru
Qazlal
Vehumet


Innate Abilities, Weirdness & Mutations

You are too large for most types of armour.
You have claws for hands.
Your metabolism is lightning-fast.
You like to eat raw meat.
Your natural rate of healing is unusually fast.
You are covered in fur. (AC +1)
You have very tough skin. (AC +2)


Message History

* * * LOW HITPOINT WARNING * * *
The gnoll freezes you.
* * * LOW HITPOINT WARNING * * *
You closely miss the gnoll. You closely miss the gnoll shaman.
The gnoll hits you from afar with a spear of freezing.
* * * LOW HITPOINT WARNING * * *
The gnoll freezes you.
* * * LOW HITPOINT WARNING * * *
You mangle the gnoll shaman!!
The gnoll shaman is almost dead.
The gnoll hits you from afar with a spear of freezing.
* * * LOW HITPOINT WARNING * * *
The gnoll freezes you.
* * * LOW HITPOINT WARNING * * *
You barely miss the gnoll shaman.
The gnoll shaman is almost dead.
The gnoll shaman hits you but does no damage.
The gnoll hits you from afar with a spear of freezing.
You die...

...........................
........>..................
.#########'################
#..................
#.......#...#...#..
########......(...)..)....
........#'######...#)).#..
........#.# #...........
........#@# ############
........#g# ........#g#####
.........g....#
########..)..(# #.<†...#
#%.....# ######.... .....


You could see a gnoll shaman and 2 gnolls.

Vanquished Creatures
  An orc priest (D:4)
  An orc wizard (D:4)
  Crazy Yiuf (D:2)
  Natasha (twice) (D:2)
  A worker ant (D:3)
  Robin (D:4)
  2 gnolls (D:4)
  4 adders (D:2)
  An adder skeleton (D:4)
  2 dart slugs (D:2)
  3 leopard geckos
  8 orcs
  5 giant cockroaches
  10 goblins
  9 hobgoblins
  5 jackals (D:3)
  A quokka (D:2)
  A ball python (D:2)
  5 bats
  5 frilled lizards
  7 kobolds
  3 rats
78 creatures vanquished.

Notes
Turn   | Place    | Note
-------+----------+-------------------------------------------
     0 | D:1      | esteth the Troll Monk began the quest for the Orb.
     0 | D:1      | Reached XP level 1. HP: 22/22 MP: 0/0
   450 | D:1      | Reached XP level 2. HP: 29/29 MP: 1/1
   805 | D:2      | Noticed Natasha
   813 | D:2      | Noticed a crimson imp
   816 | D:2      | Killed Natasha
   816 | D:2      | Reached skill level 4 in Unarmed Combat
   816 | D:2      | Reached XP level 3. HP: 10/36 MP: 2/2
  1025 | D:2      | Reached XP level 4. HP: 39/44 MP: 3/3
  1034 | D:2      | Reached skill level 5 in Unarmed Combat
  1343 | D:2      | Noticed Natasha
  1348 | D:2      | Killed Natasha
  1379 | D:2      | Found an ancient bone altar of Kikubaaqudgha.
  1399 | D:2      | Found a shattered altar of Ashenzari.
  1541 | D:2      | Found a runed door.
  1596 | D:2      | Noticed Crazy Yiuf
  1603 | D:2      | Killed Crazy Yiuf
  1603 | D:2      | Reached XP level 5. HP: 28/50 MP: 4/4
  1773 | D:3      | Found an iron altar of Okawaru.
  1890 | D:3      | Found a stormy altar of Qazlal.
  1898 | D:3      | Reached skill level 6 in Unarmed Combat
  1924 | D:3      | Became a worshipper of Qazlal Stormbringer
  1924 | D:3      | Reached * piety under Qazlal
  1924 | D:3      | Reached ** piety under Qazlal
  2579 | D:4      | Noticed Robin
  2621 | D:4      | Killed Robin
  2904 | D:4      | Reached XP level 6. HP: 33/59 MP: 5/5
  2973 | D:4      | Found a radiant altar of Vehumet.
  3009 | D:4      | Reached skill level 1 in Invocations
  3022 | D:4      | HP: 4/88 [gnoll/spear of freezing (2)]
  3024 | D:4      | Slain by a gnoll

Vault maps used:
D:1:      lightli_molten_gateway
D:2:      old_standard_altar, lemuel_doored_altar, serial_bayou,
          serial_bayou_pond_d, serial_bayou_pond_a, serial_bayou_shore_b,
          serial_bayou_shore_b, uniq_crazy_yiuf_cottage, uniq_natasha
D:3:      okawaru_metal_pillars_1_2, old_standard_altar, first_bread
D:4:      lemuel_coloured_pillars_altar, uniq_robin

Skill      XL: |  1  2  3  4  5  6 |
---------------+-------------------+-----
Unarmed Combat | 4 5 6 |  6.9
Invocations    | 1 |  1.0
Fighting       | |  2.4
Dodging        | |  2.4
Stealth        | |  1.0

Action                   |  1- 3 |  4- 6 || total
-------------------------+-------+-------++-------
Melee: Unarmed           |    63 |   129 ||   192
       Punch             |     1 |     3 ||     4
Invok: Upheaval          |       |     1 ||     1
  Use: Potion            |       |     3 ||     3
 Stab: Sleeping          |     2 |     1 ||     3
  Eat: Chunk             |    10 |    23 ||    33
Armor: Robe              |    24 |    45 ||    69
Dodge: Dodged            |    37 |    56 ||    93
Block: Other             |       |    22 ||    22

Table legend:
 A = Spawn XP
 B = Non-spawn XP
 C = Spawn XP percentage of total XP
 D = Spawn monster count
 E = Non-spawn monster count
 F = Spawn count percentage of total count
 G = Total turns spent on level
                    A         B        C        D         E        F      G
               +---------+---------+-------+---------+---------+-------+---------
         Total |       0 |     449 |   0.0 |       0 |      78 |   0.0 |  3024
               +---------+---------+-------+---------+---------+-------+---------
           D:1 |       0 |      14 |   0.0 |       0 |      10 |   0.0 |   761
           D:2 |       0 |     200 |   0.0 |       0 |      30 |   0.0 |  1000
           D:3 |       0 |      53 |   0.0 |       0 |      11 |   0.0 |   752
           D:4 |       0 |     182 |   0.0 |       0 |      27 |   0.0 |   511
               +---------+---------+-------+---------+---------+-------+---------
